 Dungeon Crawl Stone Soup version 0.30-a0-637-gacddeb6d44 (webtiles) character file.

Game seed: 14784692856866187079

31 johnj the Grave Robber (level 3, -1/24 HPs)
             Began as a Demonspawn Necromancer on Jan 15, 2023.
             Slain by Terence
             ... wielding a +0 hand axe
              (9 damage)
             ... on level 1 of the Dungeon.
             The game lasted 00:12:09 (685 turns).

johnj the Grave Robber (Demonspawn Necromancer)      Turns: 685, Time: 00:12:10

Health: -1/24      AC:  2    Str:  8    XL:     3   Next: 7%
Magic:  4/6        EV: 12    Int: 18    God:
Gold:   93         SH:  4    Dex: 13    Spells: 6/7 levels left

rFire   . . .      SeeInvis .    c - +0 whip (flame)
rCold   . . .      Faith    .    (no shield)
rNeg    . . .      Spirit   .    a - +0 robe
rPois   .          Reflect  .    (helmet restricted)
rElec   .          Harm     .    (no cloak)
rCorr   .          Rampage  .    (no gloves)
Will    .....                    (no boots)
Stlth   ++                       (no amulet)
HPRegen 0.24/turn                (no ring)
MPRegen 0.10/turn                (no ring)

@: no status effects
A: antennae 1, condensation shield
a: no special abilities


You were on level 1 of the Dungeon.
You visited 1 branch of the dungeon, and saw 2 of its levels.

You collected 93 gold pieces.

Inventory:

Hand Weapons
 c - a +0 whip of flaming (weapon)
Armour
 a - a +0 robe (worn)
Potions
 b - a potion of magic
 d - a potion of lignification
 e - a potion of flight


   Skills:
 + Level 0.1 Fighting
 + Level 1.9 Dodging
 + Level 1.8 Stealth
 + Level 2.5 Spellcasting
 + Level 4.9 Necromancy


You had 6 spell levels left.
You knew the following spells:

 Your Spells              Type           Power      Damage    Failure   Level
a - Necrotise             Necr           80%        1d8       2%          1

Your spell library contained the following spells:

 Spells                   Type           Power      Damage    Failure   Level
 Vampiric Draining        Necr           20%        2d7       7%          3
 Animate Dead             Necr           20%        N/A       22%         4
 Agony                    Necr           20%        N/A       52%         5


Dungeon Overview and Level Annotations

Branches:
Dungeon (2/15)

Altars:

Annotations:
D:1 Terence
D:2 Sigmund


Innate Abilities, Weirdness & Mutations

You have a pair of small antennae on your head.
A meltable shield of frost defends you. (SH +4)


Message History

You feel clever. x2; Your demonic ancestry asserts itself...
Frost condenses into a shield before you.
* * * LOW HITPOINT WARNING * * *
You feel sick.
* * * LOW HITPOINT WARNING * * *
You feel sick. Terence misses your adder skeleton.
* * * LOW HITPOINT WARNING * * *
You feel sick.
You are no longer poisoned.
Your adder skeleton bites Terence.
Terence hits your adder skeleton with a +0 hand axe.
Your adder skeleton bites Terence but does no damage.
Terence hits your adder skeleton with a +0 hand axe!
Your adder skeleton bites Terence but does no damage.
Terence barely misses your adder skeleton.
Your adder skeleton bites Terence.
Terence barely misses your adder skeleton.
Your adder skeleton barely misses Terence.
Something barely misses your adder skeleton.
Terence closely misses your adder skeleton.
Your adder skeleton bites Terence.
Terence closely misses your adder skeleton.
Your adder skeleton closely misses Terence.
Something closely misses your adder skeleton.
Terence hits your adder skeleton with a +0 hand axe!
Your adder skeleton is destroyed!
Sigmund the Dreaded comes into view.
He is wielding a +1 heavy scythe.
There is an open door here.
Terence says, "You're history."
Terence attacks as you move away! Terence barely misses you.
There is a stone staircase leading up here.
Sigmund shouts!
Sigmund gestures at you while chanting. You block the puff of flame.
Terence barely misses you.
You climb upwards.
There is a stone staircase leading down here.
You closely miss Terence.
Terence is moderately wounded.
Terence hits you with a +0 hand axe!
You die...

#.##.##........# #.#*.
#.......###########.##.
####.#### #........†...
#.# #.......#.##. #.###
#............ #...#
#.........#.. ###.#
#.......)##.. #.#
#........###. #@#
#............ #@#
########..... #.#######
###### #.......#
#.#...#.######
#.#..........#
#.....#†####.#####
#.#####.# #......
#..,,,..# #######


You could see Terence.

Vanquished Creatures
  An adder (D:2)
  A dart slug (D:1)
  5 bats (D:1)
  2 giant cockroaches (D:1)
  2 hobgoblins (D:1)
  A quokka (D:1)
  4 ball pythons (D:1)
  A frilled lizard (D:1)
  A kobold (D:1)
  A rat (D:1)
19 creatures vanquished.

Vanquished Creatures (collateral kills)
  A kobold (D:1)
1 creature vanquished.

Grand Total: 20 creatures vanquished

Notes
Turn   | Place    | Note
-------+----------+-------------------------------------------
     0 | D:1      | johnj the Demonspawn Necromancer began the quest for the
                  | Orb.
     0 | D:1      | Reached XP level 1. HP: 13/13 MP: 3/3
   303 | D:1      | Gained mutation: You have a pair of small antennae on your
                  | head. [demonic ancestry]
   303 | D:1      | Reached XP level 2. HP: 19/19 MP: 3/5
   651 | D:2      | Noticed Terence
   656 | D:2      | Gained mutation: A meltable shield of frost defends you.
                  | (SH +4) [demonic ancestry]
   656 | D:2      | Reached XP level 3. HP: 3/24 MP: 1/6
   658 | D:2      | HP: 1/24 [poisoned by an adder]
   668 | D:2      | Noticed Sigmund
   685 | D:1      | Slain by Terence

Illustrated notes

Levels and vault maps discovered:
D:1:      matt_arrival_refuge, layout_loops_cross
D:2:      layout_basic, serial_shops, nicolae_shop_statue_plus,
          minmay_quadrilaterals, uniq_sigmund, uniq_terence, uniq_robin

Action                   || total
-------------------------++-------
Melee: Whip              ||    24
 Cast: Necrotise         ||    21
  Use: Scroll            ||     4
       Potion            ||     3
Armor: Robe              ||     9
Dodge: Dodged            ||    27
Block: Other             ||     1

Table legend: (Time is in decaauts)
 A = Elapsed time spent in this place.
 B = Non-inter-level travel time spent in this place.
 C = Inter-level travel time spent in this place.
 D = Time resting spent in this place.
 E = Time spent auto-exploring this place.
 F = Levels seen in this place.
 G = Mean time per level.
                   A        B        C        D        E       F      G
               +--------+--------+--------+--------+--------+-----+--------+
         Total |    686 |    658 |     28 |      0 |      0 |   2 |  343.0 |
       Dungeon |    686 |    658 |     28 |      0 |      0 |   2 |  343.0 |
               +--------+--------+--------+--------+--------+-----+--------+

Top non-repeatable levels by time:
     D:1: 629 daAuts
     D:2: 56 daAuts
